 Dungeon Crawl Stone Soup version 0.21-a0-518-g43a1781 (webtiles) character file.

27008 Gildeon the Spear-Bearer (level 12, -3/93 HPs)
             Began as a Demigod Fighter on Dec 4, 2017.
             Killed from afar by a shock serpent (15 damage)
             ... with a bolt of electricity
             ... on level 1 of the Snake Pit.
             The game lasted 02:01:10 (16959 turns).

Gildeon the Spear-Bearer (Demigod Fighter)         Turns: 16959, Time: 02:01:12

Health: -3/93      AC: 12    Str: 24    XL:     12   Next: 65%
Magic:  23/23      EV: 19    Int: 14    God:
Gold:   1384       SH:  0    Dex: 23    Spells: 10/21 levels left

rFire    . . .     SeeInvis +   a - +10 spear of Irritation {pain, rC+ rN+ Dex+2}
rCold    + . .     Gourm    .   (no shield)
rNeg     + . .     Faith    .   z - +1 troll leather armour
rPois    .         Spirit   .   t - +0 hat {SInv}
rElec    .         Reflect  .   y - +2 cloak
rCorr    .         Harm     .   u - +2 pair of gloves
MR       ++...                  (no boots)
Stlth    +++.......             h - amulet of regeneration
HPRegen  1.05/turn              c - +3 ring of evasion
MPRegen  0.18/turn              r - +3 ring of strength

@: no status effects
A: horns 1, agile 1, frail 1, high mp 1, magic resistance 1
a: no special abilities


You were on level 1 of the Snake Pit.
You were not hungry.

You visited 4 branches of the dungeon, and saw 16 of its levels.
You also visited: Bailey.

You collected 1419 gold pieces.
You spent 35 gold pieces at shops.

Inventory:

Hand Weapons
 a - the +10 spear of Irritation (weapon) {pain, rC+ rN+ Dex+2}
   (You found it on level 5 of the Dungeon)

   In the hands of one skilled in necromantic magic, it inflicts extra damage on
   living creatures.
   It affects your dexterity (+2).
   It protects you from cold.
   It protects you from negative energy.
 b - a +4 antimagic spear
Armour
 t - a +0 hat of see invisible (worn)
 u - a +2 pair of gloves (worn)
 y - a +2 cloak (worn)
 z - a +1 troll leather armour (worn)
Jewellery
 c - a +3 ring of evasion (left hand)
 h - an amulet of regeneration (around neck)
 r - a +3 ring of strength (right hand)
 D - an uncursed ring of ice
Scrolls
 k - 3 scrolls of fog
 n - 6 scrolls of remove curse
 o - 4 scrolls of teleportation
Potions
 d - 2 potions of magic
 l - 2 potions of ambrosia
 p - 4 potions of brilliance
 q - 2 potions of resistance
 s - a potion of might
 v - a potion of curing
 w - a potion of haste
 x - 2 potions of cancellation
 A - a potion of flight
 B - 3 potions of berserk rage
Comestibles
 f - 6 bread rations
 g - 11 royal jellies
 j - 6 meat rations
 m - 6 fruits


   Skills:
 + Level 9.1 Fighting
 - Level 10.2 Polearms
 - Level 5.2 Armour
 - Level 5.0 Dodging
 - Level 5.1 Stealth
   Level 2.6 Shields
 - Level 5.0 Spellcasting
 - Level 5.0 Hexes
 - Level 5.1 Transmutations
 - Level 5.0 Ice Magic
 - Level 5.5 Earth Magic
   Level 5.3 Evocations


You had 10 spell levels left.
You knew the following spells:

 Your Spells              Type           Power        Failure   Level  Hunger
a - Ensorcelled Hibernat  Hex/Ice        ###...       3%          2    ##.....
b - Petrify               Tmut/Erth      ###.....     22%         4    ####...
c - Metabolic Englaciati  Hex/Ice        ###.......   54%         5    ######.


Dungeon Overview and Level Annotations

Branches:
Dungeon (11/15)            Temple (1/1) D:4            Lair (3/6) D:8
  Snake (1/4) Lair:2          Orc (0/2) D:9
  Swamp: Lair:2-4    Shoals: Lair:2-4

Shops:
D:4 [   D:7 (   Snake:1 ?=}*

Annotations:
Lair:3 theanonym's ghost, journeyman HOFi
Snake:1 Kirke


Innate Abilities, Weirdness & Mutations

You have an increased reservoir of magic. (+10% MP)
You have a pair of small horns on your head.
You are agile. (Dex +2)
You are frail. (-10% HP)
You are resistant to hostile enchantments. (MR+)


Message History

You feel much better.
Your surroundings suddenly seem different.
A shock serpent comes into view.
The shock serpent hisses angrily.
The shock serpent misses you.
You puncture the shock serpent!
The shock serpent is moderately wounded.
The shock serpent's electric aura discharges, shocking you!
The shock serpent completely misses you.
You barely miss the shock serpent.
The shock serpent is moderately wounded.
The shock serpent bites you! The shock serpent shocks you!
* * * LOW HITPOINT WARNING * * *
You puncture the shock serpent! You headbutt the shock serpent.
The shock serpent is heavily wounded.
The shock serpent's electric aura discharges, shocking you!
* * * LOW HITPOINT WARNING * * *
The shock serpent shoots out a bolt of lightning at you!
The bolt of electricity hits you!
You die...

,,*,,*,,,,,,,,,,,,,,**
,**,,**,,,...........#
,*,,**,,,.#..........##
,,,***,,,.............#
,***,,,,,.............#
**,**,,,,.............#
,,,,,,,,,.............#
,,**,,,,,,#....S......#
****,,,,,,*,,*#.@.....#
*,**,,,,,,,,,*#.......#
*,,,,,,,,,,,,*#.......#
,,,,**,,,,,,**#.......#
,,,,**,,,,,,,*#.......#
,,,,,,,,,,,,,*........#
,,8,,,,,8,,,,#........#
,,,,,,,,,,,,,#........#
,,,,,,,,,,,,,,,,,,,,,,*


You could see a shock serpent.

Vanquished Creatures
  Gastronok (D:8)
  Harold (Lair:2)
  A hydra (Lair:3)
  6 two-headed ogres
  A death yak (Lair:2)
  Pikel (Temple)
  Joseph (D:9)
  Maurice (D:8)
  A black mamba (Snake:1)
  A gargoyle (D:11)
  A centaur skeleton (D:11)
  A torpor snail (Lair:2)
  3 spiny frogs
  3 trolls
  8 blink frogs
  Prince Ribbit (D:9)
  2 hippogriffs
  Sigmund (D:5)
  5 hogs
  A human (D:7)
  A wyvern (D:2)
  21 yaks
  Grum (D:8)
  The ghost of theanonym the Skirmisher, an amateur DsFi (D:3)
  A hungry ghost (D:10)
  3 nagas
  5 water moccasins
  Duvessa (D:4)
  A porcupine (Lair:2)
  A sky beast (D:7)
  11 orc warriors
  A black bear (Lair:1)
  2 phantoms (D:5)
  5 ice beasts
  3 ogres
  8 wolves
  9 centaurs
  5 crocodiles
  A big kobold (D:11)
  13 bullfrogs
  9 gnoll sergeants
  Dowan (D:4)
  8 scorpions
  9 crimson imps
  A centaur zombie (D:9)
  3 lava snakes (D:10)
  7 hounds
  A jelly (D:7)
  Crazy Yiuf (D:5)
  2 bullfrog skeletons
  6 gnoll shamans (Bailey)
  7 orc priests
  Jessica (D:2)
  12 orc wizards
  8 worker ants
  8 hell rats (Lair:2)
  3 hound skeletons
  A worker ant zombie (D:10)
  Robin (D:5)
  18 gnolls
  5 adders
  13 river rats (Lair:2)
  3 shadow imps
  An adder zombie (D:6)
  2 worms
  7 dart slugs
  10 leopard geckos
  51 orcs
  3 ball pythons
  5 giant cockroaches
  15 goblins
  13 hobgoblins
  16 jackals
  12 kobolds
  5 quokkas (Lair:2)
  5 bats
  3 frilled lizards
  A jackal skeleton (D:4)
  A jackal zombie (D:2)
  2 leopard gecko skeletons
  8 rats
  A fungus (Lair:2)
  A plant (D:2)
425 creatures vanquished.

Vanquished Creatures (others)
  A hound zombie (D:4)
  4 fungi (Lair:3)
  9 plants
14 creatures vanquished.

Grand Total: 439 creatures vanquished

Notes
Turn   | Place    | Note
-------+----------+-------------------------------------------
     0 | D:1      | Gildeon the Demigod Fighter began the quest for the Orb.
     0 | D:1      | Reached XP level 1. HP: 18/18 MP: 3/3
    35 | D:1      | Reached skill level 2 in Polearms
   168 | D:1      | Reached XP level 2. HP: 25/25 MP: 4/4
   460 | D:1      | Reached skill level 3 in Polearms
   773 | D:1      | Reached XP level 3. HP: 24/30 MP: 5/5
  1234 | D:2      | Noticed Jessica
  1248 | D:2      | Killed Jessica
  1248 | D:2      | Reached skill level 4 in Polearms
  1501 | D:2      | Found a faded altar of an unknown god.
  1600 | D:2      | Found an ancient bone altar of Kikubaaqudgha.
  1600 | D:2      | Found a transporter.
  1601 | D:2      | Noticed a wyvern
  1651 | D:2      | Reached XP level 4. HP: 27/37 MP: 6/6
  1742 | D:2      | Found an ornate altar of the Wu Jian Council.
  1781 | D:2      | Found an iron altar of Okawaru.
  1868 | D:2      | Found a transporter.
  1936 | D:3      | Found a sparkling altar of Nemelex Xobeh.
  2152 | D:3      | Noticed theanonym's ghost (amateur DsFi)
  2184 | D:3      | Killed theanonym's ghost
  2184 | D:3      | Reached skill level 5 in Polearms
  2184 | D:3      | Reached XP level 5. HP: 16/42 MP: 7/7
  2820 | D:4      | Found Mafuy's Armour Shop.
  3204 | D:4      | Found a white marble altar of Elyvilon.
  3284 | D:4      | Found a hide-covered altar of Uskayaw.
  3284 | D:4      | Noticed Robin
  3324 | D:4      | Found a staircase to the Ecumenical Temple.
  3328 | D:4      | Noticed an ogre
  3343 | D:4      | Killed an ogre
  3343 | D:4      | Reached XP level 6. HP: 33/52 MP: 8/8
  3626 | D:4      | Noticed Pikel
  3652 | Temple   | Entered the Ecumenical Temple
  3672 | Temple   | Killed Pikel
  3672 | Temple   | Reached XP level 7. HP: 19/64 MP: 9/9
  4030 | D:4      | Noticed Duvessa
  4030 | D:4      | Noticed Dowan
  4057 | D:4      | Killed Duvessa
  4071 | D:4      | Killed Dowan
  4359 | D:5      | Entered Level 5 of the Dungeon
  4498 | D:5      | Noticed Sigmund
  4522 | D:5      | Killed Sigmund
  4522 | D:5      | Reached skill level 5 in Armour
  4522 | D:5      | Reached XP level 8. HP: 16/71 MP: 10/10
  4548 | D:5      | Reached skill level 1 in Dodging
  4959 | D:5      | Found a runed door.
  4963 | D:5      | Noticed Crazy Yiuf
  4972 | D:5      | Killed Crazy Yiuf
  5186 | D:5      | Got a jewelled spear
  5187 | D:5      | Identified the +10 spear of Irritation {pain, rC+ rN+ Dex+2} (You found it on level 5 of the Dungeon)
  5194 | D:5      | Found a runed door.
  5231 | D:5      | Found a deep blue altar of Sif Muna.
  5959 | D:4      | Reached skill level 5 in Dodging
  6192 | D:5      | Reached skill level 1 in Spellcasting
  6532 | D:5      | Found a roughly hewn altar of Beogh.
  6772 | D:5      | Found a bloodstained altar of Trog.
  6779 | D:5      | Reached XP level 9. HP: 78/78 MP: 17/17
  6966 | D:5      | Found a snail-covered altar of Cheibriados.
  7032 | D:5      | Found a burning altar of Makhleb.
  7569 | D:5      | Killed Robin
  7685 | D:2      | You fall through a shaft!
  8220 | D:6      | Found a glowing silver altar of Zin.
  8406 | D:6      | Found a shattered altar of Ashenzari.
  8416 | D:6      | Reached skill level 5 in Spellcasting
  8431 | D:6      | Reached skill level 1 in Stealth
  8647 | D:7      | Found a radiant altar of Vehumet.
  9225 | D:7      | Reached skill level 5 in Stealth
  9343 | D:7      | Gained mutation: You are agile. (Dex +2) [potion of mutation]
  9343 | D:7      | Gained mutation: You are resistant to hostile enchantments. (MR+) [potion of mutation]
  9343 | D:7      | Gained mutation: You are frail. (-10% HP) [potion of mutation]
  9343 | D:7      | Gained mutation: You have a pair of small horns on your head. [potion of mutation]
  9385 | D:7      | Found Cetz's Antique Weapon Shop.
  9430 | D:7      | Reached skill level 6 in Polearms
  9612 | D:8      | Reached skill level 7 in Polearms
  9612 | D:8      | Reached XP level 10. HP: 75/75 MP: 21/21
  9628 | D:8      | Noticed Maurice
  9640 | D:8      | Killed Maurice
  9711 | D:8      | Found a staircase to the Lair.
  9741 | Lair:1   | Entered Level 1 of the Lair of Beasts
  9800 | D:8      | Reached skill level 1 in Evocations
 10150 | Lair:1   | Reached skill level 5 in Evocations
 10196 | Lair:1   | Reached skill level 8 in Polearms
 11251 | Lair:2   | Reached skill level 9 in Polearms
 11372 | Lair:2   | Reached XP level 11. HP: 81/81 MP: 22/22
 11457 | Lair:2   | Found a staircase to the Snake Pit.
 11467 | Lair:2   | Learned a level 4 spell: Petrify
 11473 | Lair:2   | Learned a level 5 spell: Metabolic Englaciation
 11504 | Lair:2   | Noticed Harold
 11667 | Lair:2   | Killed Harold
 11667 | Lair:2   | Reached skill level 10 in Polearms
 11762 | Lair:2   | Noticed a death yak
 11782 | Lair:2   | Reached skill level 1 in Earth Magic
 11935 | Lair:2   | Killed a death yak
 12532 | Snake:1  | Entered Level 1 of the Snake Pit
 12560 | Snake:1  | Found Raocamm's Jewellery Shop.
 12561 | Snake:1  | Found Pocupp's General Store.
 12561 | Snake:1  | Found Ynyv's Magic Scroll Shop.
 12576 | Snake:1  | Found Otaimaj's Gadget Boutique.
 12588 | Snake:1  | Bought a scroll of magic mapping for 35 gold pieces
 12672 | Snake:1  | Noticed Kirke
 12673 | Snake:1  | Noticed a lindwurm
 12686 | Snake:1  | Noticed a harpy
 12693 | Snake:1  | Noticed a harpy
 12702 | Snake:1  | HP: 3/81 [harpy[Kirke] (10)]
 12850 | Lair:3   | Noticed a six-headed hydra
 12855 | Lair:3   | Killed a six-headed hydra
 12855 | Lair:3   | Reached skill level 5 in Earth Magic
 12867 | Lair:3   | Reached skill level 1 in Transmutations
 13057 | Lair:3   | Noticed theanonym's ghost (journeyman HOFi)
 13174 | D:9      | Noticed a two-headed ogre
 13180 | D:9      | Killed a two-headed ogre
 13313 | D:9      | Reached skill level 5 in Transmutations
 13382 | D:9      | Found a flagged portal.
 13389 | D:9      | Noticed Joseph
 13391 | D:9      | Found an opulent altar of Gozag.
 13407 | D:9      | Killed Joseph
 13407 | D:9      | Reached skill level 1 in Ice Magic
 13416 | Bailey   | Entered a bailey
 13824 | Bailey   | Found the +2 robe of Vines {NoPotionHeal Regen+7}
 13980 | D:9      | Found a sacrificial altar of Ru.
 14110 | D:9      | Found a staircase to the Orcish Mines.
 14260 | D:9      | Noticed a two-headed ogre
 14272 | D:9      | Killed a two-headed ogre
 14272 | D:9      | Reached XP level 12. HP: 82/87 MP: 23/23
 14299 | D:9      | Noticed Prince Ribbit
 14308 | D:9      | Killed Prince Ribbit
 14746 | D:8      | Noticed Gastronok
 14750 | D:8      | Noticed Grum
 14783 | D:9      | Reached skill level 5 in Ice Magic
 14851 | D:8      | Killed Grum
 14851 | D:8      | Reached skill level 1 in Hexes
 14871 | D:8      | Killed Gastronok
 15121 | D:10     | Entered Level 10 of the Dungeon
 15273 | D:10     | Reached skill level 5 in Hexes
 15675 | D:10     | Learned a level 2 spell: Ensorcelled Hibernation
 16696 | D:11     | Found a bloodstained altar of Trog.
 16959 | Snake:1  | Killed from afar by a shock serpent

Vault maps used:
D:1:      minmay_arrival_checkered_box, minmay_crystal_room, minmay_cupped
D:2:      lemuel_round_altar, marbit_many_paths,
          gammafunk_temple_overflow_arena, chequers_ecumenical_altar_lobes,
          first_bread, uniq_jessica
D:3:      nicolae_overflow_crystal_walls
D:4:      nicolae_overflow_hidden_temple, minmay_temple_entry_large_hall,
          serial_shops, shop, elyvilon_altar_1, uniq_robin, uniq_pikel,
          uniq_duvessa
D:5:      old_standard_altar, lemuel_doored_altar, led_sif_pool,
          makhleb_grotto_becter, lightli_church_of_beogh,
          uniq_crazy_yiuf_cottage, uniq_sigmund
D:6:      ashenzari_conservatory_becter, lemuel_crystal_altar
D:7:      lemuel_crystal_altar, serial_shops, shop, grunt_livestock
D:8:      lair_entry_dummy, uniq_gastronok, uniq_grum, uniq_maurice
D:9:      lemuel_round_altar, nicolae_ru_great_annihilating_truth, orc_0_dummy,
          enter_bailey_2, uniq_joseph, uniq_prince_ribbit1
D:10:     disabler_island
D:11:     bloody_trog
Temple:   corrupted_temple
Lair:2:   lemuel_ratsnest, guppyfry_snake_entry_garden, uniq_harold
Lair:3:   minmay_lair_venomous_thicket
Snake:1:  st_stairs_1, grunt_megastairs_2, minmay_shoptagon, uniq_aizul,
          uniq_kirke
Bailey:   bailey_polearm_gnolls_kennysheep, bailey

Skill      XL: |  1  2  3  4  5  6  7  8  9 10 11 12 |
---------------+-------------------------------------+-----
Polearms       | 2 3 4 5 7 9 10 | 10.2
Fighting       | 4 6 9 |  9.1
Armour         | 5 |  5.2
Dodging        | 5 |  5.0
Spellcasting   | 3 5 |  5.0
Stealth        | 5 |  5.1
Evocations     | 5 |  5.3
Earth Magic    | 5 |  5.5
Transmutations | 5 |  5.1
Ice Magic      | 4 5 |  5.0
Hexes          | 5 |  5.0
Shields        | |  2.6

Action                   |  1- 3 |  4- 6 |  7- 9 | 10-12 || total
-------------------------+-------+-------+-------+-------++-------
Melee: Trident           |   110 |   178 |   129 |       ||   417
       Spear             |       |       |   333 |   878 ||  1211
       Headbutt          |       |       |    12 |   257 ||   269
 Cast: Ensorcelled Hiber |       |       |       |     5 ||     5
Evoke: Wand              |       |       |       |    74 ||    74
  Use: Scroll            |     5 |     5 |     8 |    21 ||    39
       Potion            |     1 |     5 |     5 |     8 ||    19
 Stab: Sleeping          |     4 |       |     7 |    25 ||    36
       Distracted        |       |       |       |     3 ||     3
       Paralysed         |       |       |       |     4 ||     4
  Eat: Chunk             |     2 |     2 |    13 |    14 ||    31
       Bread ration      |       |     1 |     1 |     2 ||     4
       Fruit             |       |       |     5 |       ||     5
Armor: Scale mail        |    19 |       |       |       ||    19
       Leather armour    |    20 |    31 |    57 |    88 ||   196
       Troll leather arm |       |       |       |    44 ||    44
Dodge: Dodged            |    56 |   108 |   270 |   567 ||  1001

Table legend:
 A = Spawn XP
 B = Non-spawn XP
 C = Spawn XP percentage of total XP
 D = Spawn monster count
 E = Non-spawn monster count
 F = Spawn count percentage of total count
 G = Total turns spent on level
                    A         B        C        D         E        F      G
               +---------+---------+-------+---------+---------+-------+---------
         Total |       0 |   38583 |   0.0 |       0 |     423 |   0.0 | 16959
               +---------+---------+-------+---------+---------+-------+---------
           D:1 |       0 |      54 |   0.0 |       0 |      24 |   0.0 |  1060
           D:2 |       0 |     301 |   0.0 |       0 |      18 |   0.0 |  1019
           D:3 |       0 |     233 |   0.0 |       0 |      19 |   0.0 |  1128
           D:4 |       0 |    1133 |   0.0 |       0 |      35 |   0.0 |  1989
           D:5 |       0 |    1430 |   0.0 |       0 |      47 |   0.0 |  2607
           D:6 |       0 |     433 |   0.0 |       0 |      10 |   0.0 |   585
           D:7 |       0 |    2248 |   0.0 |       0 |      28 |   0.0 |   942
           D:8 |       0 |    4490 |   0.0 |       0 |      12 |   0.0 |   641
           D:9 |       0 |    5672 |   0.0 |       0 |      42 |   0.0 |  1114
          D:10 |       0 |    3891 |   0.0 |       0 |      43 |   0.0 |   923
          D:11 |       0 |    4258 |   0.0 |       0 |      31 |   0.0 |   800
        Temple |       0 |     641 |   0.0 |       0 |       1 |   0.0 |   246
        Lair:1 |       0 |    3823 |   0.0 |       0 |      18 |   0.0 |  1335
        Lair:2 |       0 |    5305 |   0.0 |       0 |      50 |   0.0 |  1583
        Lair:3 |       0 |    2461 |   0.0 |       0 |      11 |   0.0 |   248
       Snake:1 |       0 |     978 |   0.0 |       0 |       4 |   0.0 |   219
        Bailey |       0 |    1232 |   0.0 |       0 |      30 |   0.0 |   520
               +---------+---------+-------+---------+---------+-------+---------
